 Dungeon Sprint DCSS version 0.17-a0-1262-gd250d98 (webtiles) character file.

1330 Kidiri the Covert (level 8, -10/48 HPs)
             Began as a Spriggan Assassin on June 6, 2015.
             Mangled by a kraken (39 damage)
             ... in the Dungeon (Sprint II: "The Violet Keep of Menkaure").
             The game lasted 00:09:38 (1234 turns).

Kidiri the Covert (Spriggan Assassin)               Turns: 1234, Time: 00:09:38

Health: -10/48     AC:  7    Str:  7    XL:     8   Next: 34%
Magic:  9/9        EV: 30    Int: 12    God:
Gold:   54         SH:  0    Dex: 19    Spells: 0 memorised, 7 levels left

rFire  + . .     SeeInvis +     o - +4 dagger (venom)
rCold  + . .     Clarity  .     n - +1 robe {rC+}
rNeg   . . .     SustAt   .     (shield restricted)
rPois  +         Gourm    .     (helmet restricted)
rElec  .         Spirit   .     d - +0 cloak
rCorr  .         Warding  .     (gloves unavailable)
rMut   .         NoTele   +     (boots unavailable)
MR     +....                    (no amulet)
Stlth  +++++++...               (no ring)
                                (no ring)

@: very slightly contaminated, hasted, very quick, somewhat resistant to hostile
enchantments, extremely stealthy
A: unfitting armour, rough black scales 1, see invisible, deformed body, fire
resistance 1, herbivore 3, speed 3, poison resistance, robust 1, slow metabolism
2
a: no special abilities


You were in the Dungeon.
You were not hungry.

You visited 1 branch You collected 987 gold pieces.
You spent 933 gold pieces at shops.

Inventory:

Hand weapons
 a - a +2 dagger
 b - a +0 blowgun
 o - a +4 dagger of venom (weapon)
Armour
 c - a +0 robe
 d - a +0 cloak (worn)
 n - a +1 robe of cold resistance (worn)
Scrolls
 m - a scroll of blinking
Potions
 h - a potion of curing
 k - 2 potions of magic
 l - a potion of berserk rage
Comestibles
 g - a bread ration


   Skills:
 + Level 5.6 Fighting
 * Level 10.4 Short Blades
 + Level 7.5 Throwing
 * Level 12.8 Dodging
 * Level 14.8 Stealth


You had 7 spell levels left.
You didn't know any spells.

Dungeon Overview and Level Annotations

Branches:
Dungeon (1/1)

Altars:

Shops:
D [%:=(![=:?*!(!}[

Annotations:
D exclusion: oklob plant


Innate Abilities, Weirdness & Mutations

You are tiny and cannot use many weapons and most armour.
You have supernaturally acute eyesight.
You are a herbivore.
You cover ground extremely quickly.
You need consume almost no food.
You are partially covered in rough black scales (AC +4, Dex -1).
Armour fits poorly on your strangely shaped body.
Your flesh is heat resistant.
Your system is resistant to poisons.
You are robust (+10% HP).


Message History

The kraken is severely wounded.
The kraken squirts a massive cloud of ink into the water!
There is an open door, spattered with blood here.
Tentacles burst out of the water!
There is an open door, spattered with blood here.
You hit the tentacle but do no damage.
The tentacle is poisoned.
There is an open door, spattered with blood here.
Tentacles burst out of the water!
You hit the kraken but do no damage.
The kraken is severely wounded.
The tentacle is engulfed in a cloud of scalding steam.
There is an open door, spattered with blood here.
The tentacle completely misses you.
The tentacle is engulfed in a cloud of scalding steam.
There is an open door, spattered with blood here.
The tentacle is engulfed in a cloud of scalding steam.
There is an open door, spattered with blood here.
The kraken bites you!!!
Ouch! That really hurt!
You die...

##≈≈≈.........#
.#≈≈≈≈.##'##..#
∩#≈≈≈≈##.#.##.####
.#≈≈≈≈#..#..#....#
∩#≈≈####...####..##
.#≈##.###'###.##..#
.#≈#.#.##.##...#..#
.+≈'###'.<.'.#.'..###
.#≈#.#.##.##.).#@...#
##≈##.###'###.##X.....≈≈
##≈≈####.#.####≈§.§§..≈#
##≈≈≈#..#..# ≈≈≈≈≈≈..≈#
#'#≈###.###≈≈≈§§§≈≈.≈#
#%#≈≈##'##≈≈≈≈≈≈§≈≈≈≈#
####≈≈≈≈≈≈≈≈≈§§≈§≈§≈≈#
#+++#+++#≈§§§§≈≈≈≈# ;;;


You could see a kraken.

Vanquished Creatures
  A siren (D)
  A blink frog (D)
  2 hippogriffs (D)
  4 necrophages (D)
  2 crocodiles (D)
  4 worker ants (D)
14 creatures vanquished.

Vanquished Creatures (others)
  40 tentacles (D)
  65 tentacle segments (D)
105 creatures vanquished.

Grand Total: 119 creatures vanquished

Notes
Turn   | Place    | Note
--------------------------------------------------------------
     0 | D        | Kidiri the Spriggan Assassin began the quest for the Orb.
     0 | D        | Reached XP level 1. HP: 10/10 MP: 2/2
     1 | D        | Noticed a necrophage
     1 | D        | Noticed a necrophage
     1 | D        | Noticed a necrophage
     1 | D        | Noticed a necrophage
     5 | D        | Noticed a siren
     9 | D        | Noticed a worker ant
     9 | D        | Noticed a worker ant
     9 | D        | Noticed a worker ant
     9 | D        | Noticed a worker ant
    13 | D        | Noticed a hippogriff
    13 | D        | Noticed a hippogriff
    20 | D        | Killed a worker ant
    20 | D        | Reached skill level 7 in Stealth
    20 | D        | Reached XP level 2. HP: 13/15 MP: 3/3
    21 | D        | Killed a worker ant
    21 | D        | Reached skill level 8 in Stealth
    21 | D        | Reached XP level 3. HP: 15/19 MP: 4/4
    24 | D        | Killed a worker ant
    24 | D        | Reached skill level 5 in Dodging
    24 | D        | Reached XP level 4. HP: 18/23 MP: 5/5
    26 | D        | Killed a worker ant
    26 | D        | Reached skill level 5 in Short Blades
    26 | D        | Reached skill level 9 in Stealth
    40 | D        | Killed a siren
    40 | D        | Reached skill level 5 in Throwing
    40 | D        | Reached skill level 10 in Dodging
    40 | D        | Reached skill level 12 in Stealth
    40 | D        | Reached XP level 5. HP: 21/30 MP: 6/6
    40 | D        | Reached XP level 6. HP: 23/34 MP: 7/7
   158 | D        | Killed a necrophage
   176 | D        | Killed a necrophage
   176 | D        | Reached skill level 13 in Stealth
   176 | D        | Reached XP level 7. HP: 20/35 MP: 8/8
   190 | D        | Killed a necrophage
   204 | D        | Killed a necrophage
   204 | D        | Reached skill level 5 in Fighting
   510 | D        | Killed a hippogriff
   534 | D        | Killed a hippogriff
   534 | D        | Reached skill level 14 in Stealth
   534 | D        | Reached XP level 8. HP: 12/40 MP: 9/9
   769 | D        | Noticed a lava snake
   770 | D        | Noticed a lava snake
   770 | D        | Noticed a crocodile
   808 | D        | Killed a crocodile
   808 | D        | Reached skill level 10 in Short Blades
   931 | D        | Found Mawapul's Distillery.
   931 | D        | Found Wefungi's Book Boutique.
   931 | D        | Found Ifowaq's Distillery.
   931 | D        | Found Yhawobu's Magic Scroll Boutique.
   931 | D        | Found Ruufru Loda's Antique Armour Shop.
   931 | D        | Found Cuuheniv's Assorted Antiques.
   931 | D        | Found Puoteyjo's Jewellery Shop.
   931 | D        | Found Lekhlauso's Antique Weapon Boutique.
   931 | D        | Found Yzet's Gadget Boutique.
   932 | D        | Found Tytheduc's Antique Armour Shop.
   932 | D        | Found Vizaczyd's Distillery.
   933 | D        | Noticed a soldier ant
   934 | D        | Found Zeggui's Antique Weapon Boutique.
   934 | D        | Found Buirra's Jewellery Shop.
   934 | D        | Noticed a soldier ant
   934 | D        | Noticed a soldier ant
   934 | D        | Noticed an oklob plant
   935 | D        | Found Woptuel's Food Shop.
   935 | D        | Found Dyufao's Book Shoppe.
   935 | D        | Found Zeil's Antique Armour Boutique.
   954 | D        | Bought a potion of mutation for 35 gold pieces
   954 | D        | Gained mutation: Your system is resistant to poisons. [potion of mutation]
   954 | D        | Gained mutation: You are robust (+10% HP). [potion of mutation]
   954 | D        | Gained mutation: Armour fits poorly on your strangely shaped body. [potion of mutation]
   955 | D        | Noticed a griffon
   973 | D        | Noticed a griffon
   978 | D        | Bought a potion of beneficial mutation for 420 gold pieces
   978 | D        | Gained mutation: You are partially covered in rough black scales (AC +4, Dex -1). [potion of beneficial mutation]
   981 | D        | Bought a potion of beneficial mutation for 420 gold pieces
   981 | D        | Gained mutation: Your flesh is heat resistant. [potion of beneficial mutation]
   992 | D        | Bought a runed robe for 16 gold pieces
  1008 | D        | Bought a glowing dagger for 42 gold pieces
  1028 | D        | Noticed a blink frog
  1030 | D        | Killed a blink frog
  1055 | D        | Noticed an electric eel
  1055 | D        | Noticed an electric eel
  1055 | D        | Noticed an electric eel
  1055 | D        | Noticed an electric eel
  1055 | D        | Noticed an electric eel
  1055 | D        | Noticed an electric eel
  1055 | D        | Noticed an electric eel
  1057 | D        | Noticed an electric eel
  1072 | D        | Noticed a kraken
  1090 | D        | Noticed a lava snake
  1093 | D        | Noticed a lava snake
  1136 | D        | Noticed a crocodile
  1157 | D        | Killed a crocodile
  1234 | D        | Mangled by a kraken

Vault maps used:
D:        the_violet_keep_of_menkaure

Action                   |  1- 3 |  4- 6 |  7- 9 || total
-------------------------+-------+-------+-------++-------
Melee: Dagger            |     3 |    29 |   103 ||   135
 Fire: Blowgun           |       |       |    23 ||    23
  Use: Potion            |       |       |     5 ||     5
 Stab: Sleeping          |     3 |     2 |     1 ||     6
